 Dungeon Crawl Stone Soup version 0.29.1-12-g30fa7ad0bf (webtiles) character file.

Game seed: 17426184682632017327

233 FexLirch the Ruffian (level 5, -1/50 HPs)
             Began as a Troll Monk on Jan 3, 2023.
             Slain by Pikel
             ... wielding a +1 whip of flaming
              (7 damage)
             ... on level 3 of the Dungeon.
             The game lasted 00:02:49 (3091 turns).

FexLirch the Ruffian (Troll Monk)                   Turns: 3091, Time: 00:02:50

Health: -1/50      AC:  4    Str: 19    XL:     5   Next: 75%
Magic:  4/4        EV:  7    Int:  8    God:
Gold:   118        SH:  0    Dex: 12    Spells: 4/4 levels left

rFire   . . .      SeeInvis .     - Unarmed
rCold   . . .      Faith    .   l - +0 tower shield
rNeg    . . .      Spirit   .   a - +0 robe
rPois   .          Reflect  .   (helmet restricted)
rElec   .          Harm     .   (no cloak)
rCorr   .          Rampage  .   (gloves unavailable)
Will    .....                   (boots unavailable)
Stlth   +.........              (no amulet)
HPRegen 0.96/turn               (no ring)
MPRegen 0.09/turn               (no ring)

@: confused, ambrosia-drunk
A: large, unfitting armour, claws 3, regeneration 1, shaggy fur 1, tough skin 1
a: no special abilities


You were on level 3 of the Dungeon.
You visited 1 branch of the dungeon, and saw 4 of its levels.

You collected 118 gold pieces.

Inventory:

Missiles
 k - 4 poisoned darts (quivered)
Armour
 a - a +0 robe (worn)
 l - a +0 tower shield (worn)
Scrolls
 c - 5 scrolls of identify {unknown}
 d - a scroll of noise {unknown}
 f - 2 scrolls of vulnerability {unknown}
 g - a scroll of enchant weapon {unknown}
 h - a scroll of fear {unknown}
 i - a scroll of enchant armour {unknown}
 j - a scroll of teleportation {unknown}
 m - a scroll of summoning {unknown}
 q - a scroll of blinking {unknown}
 r - a scroll of immolation {unknown}
Potions
 e - a potion of curing {unknown}
 n - a potion of might
 o - 3 potions of invisibility {unknown}
 p - a potion of degeneration {unknown}
 s - a potion of attraction {unknown}


   Skills:
 - Level 2.4 Fighting
 - Level 2.4 Dodging
 - Level 1.0 Stealth
 + Level 1.6 Shields
 * Level 6.1 Unarmed Combat


You had 4 spell levels left.
You didn't know any spells.
Your spell library contained the following spells:

 Spells                   Type           Power      Damage    Failure   Level
 Shock                    Conj/Air       0%         1d3       98%         1
 Call Canine Familiar     Summ           0%         N/A       100%        3
 Portal Projectile        Hex/Tloc       0%         N/A       100%        3
 Swiftness                Air            0%         N/A       100%        3
 Airstrike                Air            0%         2d(0-16)  100%        4
 Corpse Rot               Necr/Pois/Air  0%         N/A       100%        4
 Leda's Liquefaction      Hex/Erth       0%         N/A       100%        4
 Maxwell's Capacitive Co  Air            0%         ∞         100%        8


Dungeon Overview and Level Annotations

Branches:
Dungeon (4/15)
 Temple: D:4-7

Altars:
Gozag
Hepliaklqana
Qazlal

Annotations:
D:3 Pikel


Innate Abilities, Weirdness & Mutations

You are too large for most types of armour.
You have claws for hands.
Your natural rate of healing is unusually fast.
You are covered in fur. (AC +1)
You have tough skin. (AC +1)


Message History

Pikel burns you.
* * * LOW HITPOINT WARNING * * *
You block Pikel's attack.
You closely miss Pikel.
Pikel is severely wounded.
You block Pikel's attack.
You closely miss Pikel.
Pikel is severely wounded.
You block Pikel's attack.
You barely miss Pikel.
Pikel is severely wounded.
Pikel hits you with a +1 whip of flaming.
Pikel burns you.
* * * LOW HITPOINT WARNING * * *
You barely miss Pikel.
Pikel is severely wounded.
You block Pikel's attack.
You scratch Pikel but do no damage.
Pikel is severely wounded.
You block Pikel's attack.
You barely miss Pikel.
Pikel is severely wounded.
Pikel hits you but does no damage.
Pikel hits you with a +1 whip of flaming!
* * * LOW HITPOINT WARNING * * *
Pikel burns you.
* * * LOW HITPOINT WARNING * * *
Okay, then.
Unknown command.
Unknown command.
You barely miss Pikel.
Pikel is severely wounded.
Pikel hits you with a +1 whip of flaming!
* * * LOW HITPOINT WARNING * * *
Pikel burns you.
* * * LOW HITPOINT WARNING * * *
You are confused.
You feel invigorated.
Pikel hits you with a +1 whip of flaming!
You die...

# ######'## #.##.#
#.# #.# # #.#
#.##.###.# #.# #
#.# #.##.....# #.#
##.##
#.##.###.###.#
##...##
#.##.........#
#...5.#
#........##### ##
##..>## ####.#####
.#######.########.#
.............55K@.#
###################


You could see Pikel and 2 lemures.

Vanquished Creatures
  An orc priest (D:3)
  Terence (D:2)
  Natasha (thrice) (D:2)
  Robin (D:2)
  An adder (D:2)
  A dart slug (D:3)
  2 orcs (D:3)
  5 ball pythons
  8 endoplasms
  2 giant cockroaches
  15 goblins
  9 hobgoblins
  3 jackals (D:3)
  6 kobolds
  A quokka (D:3)
  9 bats
  4 frilled lizards
  3 rats
75 creatures vanquished.

Vanquished Creatures (others)
  2 plants (D:3)
2 creatures vanquished.

Grand Total: 77 creatures vanquished

Notes
Turn   | Place    | Note
-------+----------+-------------------------------------------
     0 | D:1      | FexLirch the Troll Monk began the quest for the Orb.
     0 | D:1      | Reached XP level 1. HP: 22/22 MP: 0/0
   305 | D:1      | Reached XP level 2. HP: 29/29 MP: 1/1
   519 | D:1      | Found a faded altar of an unknown god.
   666 | D:1      | Reached skill level 4 in Unarmed Combat
   717 | D:1      | Got the Compilation of the Lungs
   998 | D:1      | Reached XP level 3. HP: 36/36 MP: 2/2
  1189 | D:2      | Found an opulent altar of Gozag.
  1246 | D:2      | Noticed Robin
  1257 | D:2      | Killed Robin
  1377 | D:2      | Noticed Natasha
  1428 | D:2      | Killed Natasha
  1429 | D:2      | Reached skill level 5 in Unarmed Combat
  1429 | D:2      | Reached XP level 4. HP: 23/44 MP: 3/3
  1697 | D:2      | Noticed Terence
  1707 | D:2      | Killed Terence
  1831 | D:2      | Noticed Natasha
  1844 | D:2      | Killed Natasha
  1845 | D:2      | Reached skill level 1 in Shields
  1845 | D:2      | Reached XP level 5. HP: 36/50 MP: 4/4
  1879 | D:2      | Noticed Natasha
  1884 | D:2      | Killed Natasha
  2151 | D:3      | Found a hazy altar of Hepliaklqana.
  2396 | D:3      | Found a stormy altar of Qazlal.
  2531 | D:3      | Reached skill level 6 in Unarmed Combat
  3049 | D:4      | Noticed a lemure
  3050 | D:4      | Noticed Pikel
  3052 | D:4      | Noticed a lemure
  3053 | D:4      | Noticed a lemure
  3055 | D:4      | Noticed a lemure
  3090 | D:3      | HP: 2/50 [Pikel/+1 whip of flaming (7)]
  3091 | D:3      | Slain by Pikel

Illustrated notes

Levels and vault maps discovered:
D:1:      saegor_arrival_under_anarchy, layout_basic,
          chequers_ecumenical_altar_island
D:2:      layout_basic, serial_glass, glass_columns_a, glass_columns_a,
          basic_altar, uniq_robin, uniq_terence, uniq_natasha
D:3:      layout_loops_corners, nicolae_hepliaklqana_hazy_memory,
          marbit_many_paths, dreamdust_princess_bridge
D:4:      layout_basic, minmay_temple_entry_mist, uniq_pikel

Skill      XL: |  1  2  3  4  5 |
---------------+----------------+-----
Unarmed Combat | 4 5 6 |  6.1
Shields        | 1 |  1.6
Fighting       | |  2.4
Dodging        | |  2.4
Stealth        | |  1.0

Action                   |  1- 3 |  4- 6 || total
-------------------------+-------+-------++-------
Melee: Unarmed           |   108 |   105 ||   213
       Punch             |     3 |       ||     3
  Use: Potion            |       |     1 ||     1
 Stab: Sleeping          |     4 |     3 ||     7
Armor: Robe              |    53 |    17 ||    70
Dodge: Dodged            |    88 |    28 ||   116
Block: Tower shield      |       |    57 ||    57
